 Dungeon Crawl Stone Soup version 0.23.0 (webtiles) character file.

Game seed: 1935079714797321399

227248 fakechuck the Slinger (level 18, -8/143 HPs)
             Began as a Gnoll Hunter on Feb 13, 2019.
             Was the Champion of Ashenzari.
             Mangled by a vampire knight
             ... wielding a +0 battleaxe
              (19 damage)
             ... while paralysed by a vampire knight
             ... on level 15 of the Dungeon on Feb 16, 2019.
             The game lasted 05:07:17 (47803 turns).

fakechuck the Slinger (Gnoll Hunter)               Turns: 47803, Time: 05:07:18

Health: -8/143     AC: 21    Str: 16    XL:     18   Next: 92%
Magic:  10/34      EV:  2    Int: 19    God:    Ashenzari [******]
Gold:   3070       SH:  0    Dex: 17    Spells: 7/41 levels left

rFire    + . .     SeeInvis +   X - +8 morningstar (crush) (curse)
rCold    + . .     Gourm    .   (no shield)
rNeg     + + +     Faith    .   J - +1 ring mail {rC+} (curse)
rPois    +         Spirit   .   m - +0 helmet (curse)
rElec    .         Reflect  +   v - +0 cloak (curse)
rCorr    .         Harm     .   k - +3 pair of gauntlets of War {Slay+5} (curse)
MR       .....     Clarity  +   F - +2 pair of boots {Fly} (curse)
Stlth    ++++......             H - +3 amulet of reflection
HPRegen  0.33/turn              c - ring of Reimbursement {rPois rN+++ Stlth-} (curse)
MPRegen  0.24/turn              b - ring of protection from fire {rF+, !d}

@: paralysed, vulnerable, flying, very slightly contaminated, hasted
A: distributed training, fangs 1, strong nose
}: 2/15 runes: decaying, gossamer
a: Curse Item, Scrying, Renounce Religion, Stop Flying


You were on level 15 of the Dungeon.
You worshipped Ashenzari.
Ashenzari was exalted by your worship.
You were very hungry.

You visited 7 branches of the dungeon, and saw 33 of its levels.
You also visited: Bailey and Gauntlet.

You collected 3784 gold pieces.
You spent 714 gold pieces at shops.

Inventory:

Hand Weapons
 X - a cursed +8 morningstar of crushing (weapon)
Missiles
 o - 7 tomahawks
 C - 14 javelins
 T - 17 tomahawks of returning (quivered)
Armour
 k - the cursed +3 pair of gauntlets of War (worn) {Slay+5}
   (You found it in a Gauntlet)

   It affects your accuracy and damage with ranged weapons and melee attacks
   (+5).
   It has a curse placed upon it.
 m - a cursed +0 helmet (worn)
 v - a cursed +0 cloak (worn)
 F - a cursed +2 pair of boots of flying (worn)
 J - a cursed +1 ring mail of cold resistance (worn)
Jewellery
 a - the ring of the Establishment {*Tele rElec rN+ Str-3 Stlth+}
   (You found it on level 3 of the Spider Nest)

   [ring of teleportation]

   It may teleport you next to monsters.
   It affects your strength (-3).
   It insulates you from electricity.
   It protects you from negative energy.
   It makes you more stealthy.
 b - a ring of protection from fire (right hand) {rF+, !d}
 c - the cursed ring of Reimbursement (left hand) {rPois rN+++ Stlth-}
   (You found it in a Gauntlet)

   [ring of poison resistance]

   It protects you from poison.
   It renders you almost immune to negative energy.
   It makes you less stealthy.
   It has a curse placed upon it.
 d - an uncursed amulet of rage {+Rage, !d}
 E - an uncursed ring of protection from magic {MR+, !d}
 H - a +3 amulet of reflection (around neck)
 Y - an uncursed ring of protection from cold {rC+, !d}
Wands
 h - a wand of polymorph (10)
 r - a wand of enslavement (25)
 u - a wand of paralysis (28)
 A - a wand of flame (53)
 B - a wand of digging (7)
 M - a wand of acid (27)
 N - a wand of iceblast (6)
 V - a wand of disintegration (9)
Scrolls
 e - 13 scrolls of remove curse
 n - a scroll of blinking {!r}
 t - 6 scrolls of fog
 w - 10 scrolls of teleportation
 y - a scroll of random uselessness {unknown}
 D - 2 scrolls of brand weapon {unknown}
 I - 4 scrolls of identify
 K - a scroll of torment {unknown}
 O - a scroll of fear {unknown}
 R - 5 scrolls of magic mapping {!r}
Potions
 g - 4 potions of brilliance
 i - 2 potions of might
 j - 11 potions of curing
 l - 2 potions of agility
 p - 7 potions of heal wounds
 q - 2 potions of haste
 z - a potion of berserk rage {!q}
 G - 2 potions of resistance
 Q - 2 potions of cancellation
 U - a potion of magic {unknown}
 W - a potion of invisibility
Miscellaneous
 L - a phial of floods
 Z - a lightning rod (4/4)
Comestibles
 f - 47 rations


   Skills:
 + Level 13.0 Fighting
 + Level 12.3 Short Blades
 + Level 12.3 Long Blades
 + Level 12.3 Axes
 + Level 12.3(16.4) Maces & Flails
 + Level 12.3 Polearms
 + Level 12.3 Staves
 + Level 14.4 Slings
 + Level 12.3 Bows
 + Level 12.3 Crossbows
 + Level 12.3 Throwing
 + Level 12.3(16.4) Armour
 + Level 13.0(17.1) Dodging
 + Level 12.5 Stealth
 + Level 12.3 Shields
 + Level 12.3 Unarmed Combat
 + Level 12.3 Spellcasting
 + Level 10.5 Conjurations
 + Level 10.5 Hexes
 + Level 10.5 Charms
 + Level 10.5 Summonings
 + Level 10.5 Necromancy
 + Level 10.5 Translocations
 + Level 10.5 Transmutations
 + Level 10.5 Fire Magic
 + Level 10.5 Ice Magic
 + Level 10.5 Air Magic
 + Level 10.5 Earth Magic
 + Level 10.5 Poison Magic
 + Level 13.2 Invocations
 + Level 12.3 Evocations


You had 7 spell levels left.
You knew the following spells:

 Your Spells              Type           Power        Failure   Level  Hunger
a - Mephitic Cloud        Conj/Pois/Air  ######..     1%          3    None
b - Poisonous Vapours     Pois/Air       ######       1%          2    None
c - Conjure Flame         Conj/Fire      ######..     1%          3    None
d - Summon Mana Viper     Hex/Summ       ######..     3%          5    ####...
e - Blink                 Tloc           N/A          1%          2    None
f - Passage of Golubria   Tloc           N/A          1%          4    #......
g - Summon Forest         Summ/Tloc      ######....   3%          5    ####...
h - Aura of Abjuration    Summ           ######....   3%          5    ####...
i - Borgnjor's Vile Clut  Necr/Erth      ######....   3%          5    ####...

Your spell library contained the following spells:

 Spells                   Type           Power        Failure   Level  Hunger
 Shock                    Conj/Air       ####         1%          1    None
 Ensorcelled Hibernation  Hex/Ice        ######       1%          2    None
 Shroud of Golubria       Chrm/Tloc      ######....   1%          2    None
 Swiftness                Chrm/Air       ######..     1%          2    None
 Gell's Gravitas          Tloc           ######....   1%          3    None
 Lesser Beckoning         Tloc           ######....   1%          3    None
 Recall                   Summ/Tloc      N/A          1%          3    None
 Static Discharge         Conj/Air       ######..     1%          3    None
 Teleport Other           Tloc           ######..     1%          3    None
 Airstrike                Air            ######....   1%          4    #......
 Irradiate                Conj/Tmut      ######....   3%          5    ####...
 Lightning Bolt           Conj/Air       ######....   3%          5    ####...
 Silence                  Hex/Air        ######....   3%          5    ####...
 Summon Demon             Summ           ######....   3%          5    ####...
 Darkness                 Hex            ######....   19%         6    ######.
 Freezing Cloud           Conj/Ice/Air   ######....   19%         6    ######.
 Hydra Form               Tmut           ######....   19%         6    ######.
 Shadow Creatures         Summ           N/A          19%         6    ######.
 Statue Form              Tmut/Erth      ######...    19%         6    ######.
 Dragon Form              Tmut           ######....   69%         7    #######
 Ring of Flames           Chrm/Fire      ######....   69%         7    #######


Dungeon Overview and Level Annotations

Branches:
Dungeon (15/15)            Temple (1/1) D:7            Lair (6/6) D:9
  Swamp (4/4) Lair:3       Spider (4/4) Lair:4        Slime (0/5) Lair:5
    Orc (2/2) D:12            Elf (0/3) Orc:2        Vaults (0/5) D:13
 Depths (1/5) D:15

Altars:
Ashenzari
Cheibriados
Dithmenos
Fedhas
Hepliaklqana
Makhleb
Nemelex Xobeh
Qazlal
Uskayaw
Wu Jian
Xom
Yredelemnul
Zin
The Shining One
Beogh

Shops:
D:9 *   D:12 (   D:15 %=   Orc:2 (=[

Annotations:
D:3 2 transporters, Babaika's ghost, amateur HuAs
D:4 3 runed translucent doors, matthes123's ghost, amateur MiFi
D:15 Louise
Lair:5 exclusion: 3 oklob plants
Swamp:2 2 transporters, Qemahefa's ghost, adept GrFi
Spider:4 2 transporters, bmj180's ghost, adept MiFi


Innate Abilities, Weirdness & Mutations

Your experience applies equally to all skills.
You have very sharp teeth.
Your uncanny sense of smell can sniff out nearby items.


Message History

You bludgeon the phantasmal warrior!!
You destroy the phantasmal warrior!
The vampire knight hits you with a +0 long sword!
* * * LOW HITPOINT WARNING * * *
The vampire knight bites you but does no damage.
You hit the vampire knight.
The vampire knight is moderately damaged.
The vampire knight hits you with a +0 long sword!
* * * LOW HITPOINT WARNING * * *
The vampire knight closely misses you.
You feel yourself speed up.
The vampire knight completely misses you.
You block the vampire knight's attack.
Space becomes stable.
The vampire knight blinks!
You hit the vampire knight but do no damage.
The vampire knight is lightly damaged.
The vampire knight closely misses you. The vampire knight bites you.
* * * LOW HITPOINT WARNING * * *
The vampire knight hits you but does no damage.
The vampire knight bites you but does no damage.
You hit the vampire knight but do no damage.
You punch the vampire knight.
You bite the vampire knight, but do no damage.
The vampire knight is lightly damaged.
The vampire knight hits you with a +0 battleaxe!
* * * LOW HITPOINT WARNING * * *
The vampire knight misses you.
Casting: Borgnjor's Vile Clutch (safe; 3% risk of failure)
Confirm with . or Enter, or press ? or * to list all spells.
You blink.
Things that are here:
a +0 giant club x2
The vampire knight points at you and mumbles some strange words.
You suddenly lose the ability to move!
The vampire knight hits you but does no damage.
The vampire knight bites you but does no damage.
The vampire knight hits you but does no damage.
The vampire knight bites you.
* * * LOW HITPOINT WARNING * * *
The vampire knight points at you and mumbles some strange words.
You shrug off the repeated paralysis!
The vampire knight blinks!
The vampire knight hits you but does no damage.
The vampire knight bites you but does no damage.
The vampire knight hits you with a +0 battleaxe!!
* * * LOW HITPOINT WARNING * * *
The vampire knight barely misses you.
The vampire knight blinks!
The vampire knight hits you with a +0 battleaxe!!
You die...

#.#######.# #......)....8.
#.##....#.#∆* ###....(...P..P>
#.##.##.#.# , #.......#.......
#...(##.#.###.#.#.....#.......
#######.......#.....[.#......8
#.....#.#######.....#.......
#.###.#......))[....##......
#.# #.###..)V#).§...........
#.# #.###..@.##.....##......
#.#........V.###############
#.#.##.#.§.........# #.#
,#.......#####.# #.#,
#.......# #.# #####.#
....#...## #.#
#.....##.######## #.#
#.########## #.# #..........#
#.#


You could see 2 vampire knights.

Vanquished Creatures
  the Lernaean hydra (Swamp:4)
  Arachne (Spider:4)
  Gastronok (D:9)
  Kirke (Lair:5)
  4 thorn hunters
  Frances (Swamp:2)
  4 ghost moths
  The ghost of Ahonude the Brawler, a journeyman TrMo of Qazlal (D:13)
  2 emperor scorpions
  2 orc warlords
  8 entropy weavers
  A minotaur (Gauntlet)
  4 dire elephants (Lair:6)
  5 spark wasps
  2 ogre magi (D:15)
  3 vault guards (D:13)
  18 hydras
  15 two-headed ogres
  4 shambling mangroves
  2 ghost crabs
  An anaconda (Lair:6)
  2 centaur warriors (D:13)
  3 death yaks (Lair:5)
  19 alligators
  A queen ant (Lair:6)
  Urug (Lair:6)
  2 orc high priests (Orc:2)
  A skeletal warrior (D:15)
  Nergalle (Lair:2)
  A sixfirhy (Gauntlet)
  A fire crab (Gauntlet)
  A deep troll (Depths:1)
  A deep elf archer (D:13)
  A flayed ghost (D:15)
  A wizard (D:13)
  14 swamp dragons
  A shadow dragon zombie (D:15)
  2 orc knights
  A phantasmal warrior (D:15)
  A stone giant zombie (D:15)
  A necromancer (D:15)
  4 orc sorcerers (Orc:2)
  3 cyclopes
  4 ugly things
  20 orb spiders
  An iron dragon zombie (D:15)
  25 wolf spiders
  A manticore (D:12)
  Maurice (D:9)
  7 elephants
  2 moths of wrath
  2 centaur zombies
  3 black mambas
  A black mamba (shapeshifter) (D:13)
  18 spiny frogs
  Joseph (D:8)
  2 torpor snails (Spider:3)
  An eye of devastation (Gauntlet)
  A freezing wraith (D:14)
  An efreet (D:13)
  A rime drake (Lair:4)
  5 komodo dragons
  19 demonic crawlers
  3 kobold demonologists (D:13)
  A tengu conjurer (D:13)
  A yaktaur skeleton (D:15)
  A polar bear (Lair:5)
  31 jumping spiders
  5 trolls
  4 tyrant leeches
  6 bog bodies
  33 blink frogs
  22 hornets
  11 slime creatures
  6 dream sheep (Lair:6)
  8 hippogriffs
  A meliai zombie (D:9)
  72 redbacks
  2 vampires
  A centaur simulacrum (D:14)
  2 shadows
  3 spriggans (Swamp:2)
  35 tarantellas
  37 yaks
  A wraith (D:14)
  2 wyverns
  4 fire bats (Gauntlet)
  4 basilisks
  A golden eye (Gauntlet)
  A hungry ghost (D:15)
  13 vampire mosquitoes
  A hog (Lair:6)
  22 soldier ants
  Menkaure (D:6)
  20 insubstantial wisps
  9 swamp worms
  4 wargs (Orc:2)
  9 porcupines
  8 water moccasins
  An acid dragon (D:13)
  3 hell hounds (Gauntlet)
  A floating eye (Gauntlet)
  9 swamp drakes
  An eye of draining (shapeshifter) (D:14)
  24 orc warriors
  3 ice beasts
  3 phantoms
  4 black bears
  A necrophage (D:10)
  20 wolves
  8 ogres
  6 centaurs
  9 crocodiles
  6 big kobolds
  3 wyvern zombies
  16 bullfrogs
  6 scorpions
  2 wyvern skeletons (D:14)
  16 killer bees
  6 howler monkeys
  4 wights (D:14)
  2 vampire bats (Lair:2)
  8 crimson imps
  A quasit (D:6)
  2 bullfrog zombies
  8 hounds
  10 orc priests
  A bullfrog skeleton (D:9)
  5 jellies
  24 orc wizards
  2 centaur skeletons
  3 iguanas
  27 worker ants
  3 hound skeletons
  Robin (D:4)
  15 gnolls
  A worker ant zombie (D:4)
  11 adders
  A shadow imp (D:9)
  2 ufetubi (Gauntlet)
  7 oozes
  An adder skeleton (D:8)
  A worm (D:4)
  3 dart slugs
  3 leopard geckos
  57 orcs
  3 giant cockroaches
  18 hobgoblins
  11 jackals
  26 kobolds
  2 quokkas
  A ball python (D:1)
  11 bats
  12 frilled lizards
  16 goblins
  A leopard gecko zombie (D:7)
  6 rats
  A briar patch (Swamp:2)
  3 plants
1107 creatures vanquished.

Vanquished Creatures (collateral kills)
  A ghost moth (Spider:4)
  2 vault guards (D:13)
  A deep troll earth mage (Depths:1)
  A skeletal warrior (D:15)
  2 orb spiders (Spider:4)
  An orc knight (Orc:2)
  3 orc sorcerers
  A kobold demonologist (D:13)
  A blink frog (Swamp:2)
  2 redbacks (Spider:1)
  An insubstantial wisp (Swamp:2)
  A swamp worm (Swamp:2)
  2 wargs (Orc:2)
  6 orc warriors
  2 ogres
  4 big kobolds (D:13)
  2 killer bees (D:7)
  3 orc priests
  3 orc wizards
  10 orcs
49 creatures vanquished.

Vanquished Creatures (others)
  A hornet (Swamp:2)
  2 redbacks (Spider:3)
  A spriggan (Swamp:2)
  3 tarantellas (Spider:4)
  3 humans (Lair:6)
  3 killer bees
  5 briar patches
  62 fungi
  18 plants
  4 snaplasher vines
  A withered plant (D:15)
103 creatures vanquished.

Grand Total: 1259 creatures vanquished

Notes
Turn   | Place    | Note
-------+----------+-------------------------------------------
     0 | D:1      | fakechuck the Gnoll Hunter began the quest for the Orb.
     0 | D:1      | Reached XP level 1. HP: 20/20 MP: 1/1
    71 | D:1      | Reached XP level 2. HP: 21/26 MP: 2/2
   505 | D:1      | Reached XP level 3. HP: 31/31 MP: 3/3
   942 | D:1      | Reached skill level 1 in Invocations
  1215 | D:2      | Reached skill level 1 in Short Blades
  1215 | D:2      | Reached skill level 1 in Long Blades
  1215 | D:2      | Reached skill level 1 in Axes
  1215 | D:2      | Reached skill level 1 in Maces & Flails
  1215 | D:2      | Reached skill level 1 in Polearms
  1215 | D:2      | Reached skill level 1 in Staves
  1215 | D:2      | Reached skill level 1 in Bows
  1215 | D:2      | Reached skill level 1 in Crossbows
  1215 | D:2      | Reached skill level 1 in Throwing
  1215 | D:2      | Reached skill level 1 in Armour
  1215 | D:2      | Reached skill level 1 in Shields
  1215 | D:2      | Reached skill level 1 in Unarmed Combat
  1215 | D:2      | Reached skill level 1 in Spellcasting
  1215 | D:2      | Reached skill level 1 in Evocations
  1276 | D:2      | Reached XP level 4. HP: 24/38 MP: 5/5
  1420 | D:2      | Found a basalt altar of Yredelemnul.
  1539 | D:2      | Found a shattered altar of Ashenzari.
  2426 | D:3      | Reached skill level 1 in Conjurations
  2426 | D:3      | Reached skill level 1 in Hexes
  2426 | D:3      | Reached skill level 1 in Charms
  2426 | D:3      | Reached skill level 1 in Summonings
  2426 | D:3      | Reached skill level 1 in Necromancy
  2426 | D:3      | Reached skill level 1 in Translocations
  2426 | D:3      | Reached skill level 1 in Transmutations
  2426 | D:3      | Reached skill level 1 in Fire Magic
  2426 | D:3      | Reached skill level 1 in Ice Magic
  2426 | D:3      | Reached skill level 1 in Air Magic
  2426 | D:3      | Reached skill level 1 in Earth Magic
  2426 | D:3      | Reached skill level 1 in Poison Magic
  2522 | D:3      | Found a transporter.
  2527 | D:3      | Noticed Babaika's ghost (amateur HuAs)
  2532 | D:3      | Found a transporter.
  2648 | D:3      | Found a sparkling altar of Nemelex Xobeh.
  3110 | D:2      | Reached XP level 5. HP: 33/43 MP: 6/6
  3421 | D:2      | Became a worshipper of Ashenzari the Shackled
  4192 | D:4      | Reached XP level 6. HP: 46/50 MP: 8/8
  4280 | D:4      | Found a runed translucent gate.
  4282 | D:4      | Found a runed translucent gate.
  4314 | D:4      | Found a runed translucent gate.
  4316 | D:4      | Noticed matthes123's ghost (amateur MiFi)
  4539 | D:4      | Found a hazy altar of Hepliaklqana.
  4718 | D:4      | Noticed Robin
  4801 | D:4      | Killed Robin
  5175 | D:5      | Entered Level 5 of the Dungeon
  5212 | D:5      | Reached * piety under Ashenzari
  5214 | D:5      | Reached skill level 5 in Fighting
  5214 | D:5      | Reached skill level 5 in Dodging
  5841 | D:5      | Reached XP level 7. HP: 51/56 MP: 10/10
  6543 | D:5      | Reached skill level 9 in Slings
  6927 | D:6      | Reached XP level 8. HP: 55/63 MP: 12/12
  7505 | D:5      | Found an ornate altar of the Wu Jian Council.
  7505 | D:5      | Found a snail-covered altar of Cheibriados.
  7505 | D:5      | Found a hide-covered altar of Uskayaw.
  7505 | D:5      | Found a shadowy altar of Dithmenos.
  7941 | D:6      | Noticed Menkaure
  8344 | D:7      | Reached ** piety under Ashenzari
  8709 | D:7      | Found a staircase to the Ecumenical Temple.
  8742 | Temple   | Entered the Ecumenical Temple
  8863 | D:7      | Reached XP level 9. HP: 26/69 MP: 14/14
  9917 | D:8      | Learned a level 3 spell: Mephitic Cloud
 10075 | D:8      | Found a glowing golden altar of the Shining One.
 10404 | D:8      | Noticed Joseph
 10743 | D:8      | Reached skill level 5 in Stealth
 11315 | D:9      | Found a flagged portal.
 11315 | D:9      | Identified the +6 hand axe of Tenacity {drain, +Fly rF+
                  | rC+}
 11333 | Bailey   | Entered a bailey
 11473 | Bailey   | Reached skill level 5 in Invocations
 12201 | D:9      | Reached XP level 10. HP: 64/77 MP: 17/17
 12327 | D:9      | Noticed Gastronok
 12371 | D:9      | Learned a level 2 spell: Poisonous Vapours
 12380 | D:9      | Found Peoku's Assorted Antiques.
 12393 | D:9      | Bought a glowing wooden wand for 84 gold pieces
 12393 | D:9      | Bought a forked fluorescent wand for 84 gold pieces
 12393 | D:9      | Bought a scroll labeled OGUIFA UQOSA for 21 gold pieces
 12655 | D:9      | Reached skill level 5 in Short Blades
 12655 | D:9      | Reached skill level 5 in Long Blades
 12655 | D:9      | Reached skill level 5 in Axes
 12655 | D:9      | Reached skill level 5 in Maces & Flails
 12655 | D:9      | Reached skill level 5 in Polearms
 12655 | D:9      | Reached skill level 5 in Staves
 12655 | D:9      | Reached skill level 5 in Bows
 12655 | D:9      | Reached skill level 5 in Crossbows
 12655 | D:9      | Reached skill level 5 in Throwing
 12655 | D:9      | Reached skill level 5 in Armour
 12655 | D:9      | Reached skill level 5 in Shields
 12655 | D:9      | Reached skill level 5 in Unarmed Combat
 12655 | D:9      | Reached skill level 5 in Spellcasting
 12655 | D:9      | Reached skill level 5 in Evocations
 12769 | D:9      | Found a staircase to the Lair.
 12806 | D:9      | Killed Gastronok
 12806 | D:9      | Reached skill level 10 in Slings
 13164 | D:9      | Reached *** piety under Ashenzari
 13400 | D:9      | Noticed a green ugly thing
 13553 | D:8      | Reached XP level 11. HP: 76/84 MP: 16/19
 13567 | D:8      | Killed Joseph
 13635 | Lair:1   | Entered Level 1 of the Lair of Beasts
 13635 | Lair:1   | Identified the +10 whip "Nutzockaco" {slash, rN+ MP+9
                  | Str+6}
 14644 | Lair:1   | Reached skill level 5 in Conjurations
 14644 | Lair:1   | Reached skill level 5 in Hexes
 14644 | Lair:1   | Reached skill level 5 in Charms
 14644 | Lair:1   | Reached skill level 5 in Summonings
 14644 | Lair:1   | Reached skill level 5 in Necromancy
 14644 | Lair:1   | Reached skill level 5 in Translocations
 14644 | Lair:1   | Reached skill level 5 in Transmutations
 14644 | Lair:1   | Reached skill level 5 in Fire Magic
 14644 | Lair:1   | Reached skill level 5 in Ice Magic
 14644 | Lair:1   | Reached skill level 5 in Air Magic
 14644 | Lair:1   | Reached skill level 5 in Earth Magic
 14644 | Lair:1   | Reached skill level 5 in Poison Magic
 15790 | Lair:2   | Noticed Nergalle
 16039 | D:9      | Found a shattered altar of Ashenzari.
 16039 | D:9      | Noticed Maurice
 16051 | D:9      | Killed Maurice
 16110 | D:10     | Entered Level 10 of the Dungeon
 16938 | D:11     | Reached **** piety under Ashenzari
 17065 | D:11     | Noticed a cyclops
 17073 | D:11     | Killed a cyclops
 17135 | D:11     | Noticed a red ugly thing
 17786 | D:11     | Killed a red ugly thing
 17988 | D:12     | Reached XP level 12. HP: 66/93 MP: 22/22
 18047 | D:12     | Found Ewky's Antique Weapon Emporium.
 18454 | D:12     | Found a sparkling altar of Nemelex Xobeh.
 18679 | D:12     | Found a staircase to the Orcish Mines.
 18860 | D:13     | Noticed a centaur warrior
 18860 | D:13     | Noticed a six-headed hydra
 18863 | D:13     | Killed a six-headed hydra
 18883 | D:13     | Found a runed translucent gate.
 18883 | D:13     | Found a runed translucent gate.
 18883 | D:13     | Found a runed translucent gate.
 18886 | D:13     | Noticed Ahonude's ghost (journeyman TrMo)
 18886 | D:13     | Identified the +4 whip of Obsession {venom, *Noise MR+
                  | Stlth+}
 18888 | D:13     | Identified the +1 dagger of Tortfeasance {chaos, rN+ SInv}
 18911 | D:13     | Killed a centaur warrior
 18911 | D:13     | Reached skill level 11 in Slings
 19051 | D:13     | Noticed a two-headed ogre
 19061 | D:13     | Killed a two-headed ogre
 19271 | D:13     | Noticed a two-headed ogre
 20316 | Lair:2   | Killed Nergalle
 20600 | Lair:3   | Found a staircase to the Swamp.
 20797 | Lair:3   | Learned a level 3 spell: Conjure Flame
 21518 | Lair:4   | Found a gate leading to a gauntlet.
 21617 | Lair:3   | Reached XP level 13. HP: 70/101 MP: 19/24
 21674 | Gauntlet | Entered a Gauntlet
 21674 | Gauntlet | Found a transporter.
 21674 | Gauntlet | Found a transporter.
 21733 | Gauntlet | Found a transporter.
 21736 | Gauntlet | Found a transporter.
 21746 | Gauntlet | Found a transporter.
 21749 | Gauntlet | Found a transporter.
 21765 | Gauntlet | Found a transporter.
 21778 | Gauntlet | Found a transporter.
 21781 | Gauntlet | Found a transporter.
 21784 | Gauntlet | Found a transporter.
 21792 | Gauntlet | Found a transporter.
 21795 | Gauntlet | Found a transporter.
 21796 | Gauntlet | Identified the ring of Reimbursement {rPois rN+++ Stlth-}
 21833 | Gauntlet | Found a runed translucent door.
 22545 | Gauntlet | Noticed a minotaur
 22571 | Gauntlet | Killed a minotaur
 22612 | Gauntlet | Found the +3 pair of gauntlets of War {Slay+5}
 22689 | Gauntlet | Identified a scroll of acquirement
 23463 | Lair:4   | Found a hole to the Spider Nest.
 24205 | Lair:5   | Found a staircase to the Slime Pits.
 24281 | Lair:5   | Reached ***** piety under Ashenzari
 25216 | Lair:6   | Entered Level 6 of the Lair of Beasts
 25216 | Lair:6   | Noticed Kirke
 25273 | Lair:5   | Killed Kirke
 25587 | Lair:6   | Reached XP level 14. HP: 93/109 MP: 23/26
 25635 | Lair:6   | Noticed an entropy weaver
 25649 | Lair:6   | Killed an entropy weaver
 25791 | Lair:6   | Noticed an entropy weaver
 25803 | Lair:6   | Killed an entropy weaver
 25803 | Lair:6   | Reached skill level 10 in Fighting
 25803 | Lair:6   | Reached skill level 12 in Slings
 25803 | Lair:6   | Reached skill level 10 in Dodging
 25945 | Lair:6   | Noticed Urug
 26237 | Lair:6   | Killed Urug
 26830 | Lair:6   | Reached skill level 10 in Invocations
 26840 | Lair:6   | Noticed a dire elephant
 26840 | Lair:6   | Noticed a dire elephant
 26841 | Lair:6   | Found the cursed +8 storm bow {elec}
 26858 | Lair:6   | Killed a dire elephant
 26870 | Lair:6   | Killed a dire elephant
 27149 | Lair:6   | Noticed a dire elephant
 27185 | Lair:6   | Killed a dire elephant
 27436 | Lair:6   | Noticed a dire elephant
 27453 | Lair:6   | Killed a dire elephant
 27536 | Swamp:1  | Entered Level 1 of the Swamp
 28069 | Swamp:1  | Reached XP level 15. HP: 116/117 MP: 28/28
 28518 | Swamp:1  | Reached skill level 10 in Stealth
 28993 | Swamp:2  | Found a transporter.
 29004 | Swamp:2  | Identified the ring of Loph {MR+ Stlth-}
 29023 | Swamp:2  | Paralysed by a hornet for 3 turns
 29031 | Swamp:2  | Noticed Qemahefa's ghost (adept GrFi)
 29286 | Swamp:2  | Noticed Frances
 29661 | Swamp:2  | Identified the ring of Pyromania {rF+ MR+ EV+4}
 29672 | Swamp:2  | Found a transporter.
 30072 | Swamp:2  | Noticed a thorn hunter
 30074 | Swamp:2  | thanks rngesus
 30115 | Swamp:2  | Reached skill level 10 in Short Blades
 30115 | Swamp:2  | Reached skill level 10 in Long Blades
 30115 | Swamp:2  | Reached skill level 10 in Axes
 30115 | Swamp:2  | Reached skill level 10 in Maces & Flails
 30115 | Swamp:2  | Reached skill level 10 in Polearms
 30115 | Swamp:2  | Reached skill level 10 in Staves
 30115 | Swamp:2  | Reached skill level 10 in Bows
 30115 | Swamp:2  | Reached skill level 10 in Crossbows
 30115 | Swamp:2  | Reached skill level 10 in Throwing
 30115 | Swamp:2  | Reached skill level 10 in Armour
 30115 | Swamp:2  | Reached skill level 10 in Shields
 30115 | Swamp:2  | Reached skill level 10 in Unarmed Combat
 30115 | Swamp:2  | Reached skill level 10 in Spellcasting
 30115 | Swamp:2  | Reached skill level 10 in Evocations
 30227 | Swamp:2  | Killed a thorn hunter
 30656 | Swamp:3  | Noticed a thorn hunter
 30667 | Swamp:3  | Noticed a thorn hunter
 30802 | Swamp:2  | Killed Frances
 31029 | Swamp:3  | Killed a thorn hunter
 31075 | Swamp:3  | Killed a thorn hunter
 31493 | Swamp:3  | Reached XP level 16. HP: 125/125 MP: 30/30
 32085 | Swamp:3  | Reached skill level 13 in Slings
 32221 | Swamp:4  | Entered Level 4 of the Swamp
 32924 | Swamp:4  | Noticed a thorn hunter
 32934 | Swamp:4  | Killed a thorn hunter
 33503 | Swamp:4  | Noticed the 27-headed Lernaean hydra
 34039 | Swamp:4  | Killed the 27-headed Lernaean hydra
 34283 | Swamp:4  | Got a decaying rune of Zot
 34715 | Lair:3   | Learned a level 5 spell: Summon Mana Viper
 34784 | Spider:1 | Entered Level 1 of the Spider Nest
 35066 | Spider:1 | Learned a level 2 spell: Blink
 36053 | Spider:1 | Reached XP level 17. HP: 112/133 MP: 30/32
 38565 | Spider:3 | Reached ****** piety under Ashenzari
 38791 | Spider:3 | Identified the ring of the Establishment {*Tele rElec rN+
                  | Str-3 Stlth+}
 39487 | Spider:4 | Entered Level 4 of the Spider Nest
 39537 | Spider:4 | Noticed Arachne
 39645 | Spider:4 | Found a transporter.
 39698 | Spider:4 | Noticed bmj180's ghost (adept MiFi)
 39715 | Spider:4 | Found a transporter.
 41049 | Spider:4 | Reached skill level 10 in Conjurations
 41049 | Spider:4 | Reached skill level 10 in Hexes
 41049 | Spider:4 | Reached skill level 10 in Charms
 41049 | Spider:4 | Reached skill level 10 in Summonings
 41049 | Spider:4 | Reached skill level 10 in Necromancy
 41049 | Spider:4 | Reached skill level 10 in Translocations
 41049 | Spider:4 | Reached skill level 10 in Transmutations
 41049 | Spider:4 | Reached skill level 10 in Fire Magic
 41049 | Spider:4 | Reached skill level 10 in Ice Magic
 41049 | Spider:4 | Reached skill level 10 in Air Magic
 41049 | Spider:4 | Reached skill level 10 in Earth Magic
 41049 | Spider:4 | Reached skill level 10 in Poison Magic
 41055 | Spider:4 | Learned a level 4 spell: Passage of Golubria
 41061 | Spider:4 | Learned a level 5 spell: Summon Forest
 41067 | Spider:4 | Learned a level 5 spell: Aura of Abjuration
 41529 | Spider:4 | Killed Arachne
 41529 | Spider:4 | Reached skill level 14 in Slings
 41529 | Spider:4 | Reached XP level 18. HP: 104/141 MP: 28/33
 42435 | Spider:4 | Got a gossamer rune of Zot
 42866 | Orc:1    | Entered Level 1 of the Orcish Mines
 43086 | Orc:2    | Entered Level 2 of the Orcish Mines
 43086 | Orc:2    | Found Gaempapa's Jewellery Emporium.
 43648 | Orc:2    | Found Fufos's General Store.
 43799 | Orc:2    | Found a staircase to the Elven Halls.
 43799 | Orc:2    | Found Ickery's Antique Weapon Emporium.
 43847 | Orc:2    | Found Moippal's Antique Armour Shoppe.
 43989 | Orc:2    | Found a roughly hewn altar of Beogh.
 44578 | D:9      | Bought a paperback book for 315 gold pieces
 44578 | D:9      | Bought a scroll of remove curse for 63 gold pieces
 44578 | D:9      | Bought a scroll of identify for 42 gold pieces
 44578 | D:9      | Bought a scroll of remove curse for 63 gold pieces
 44578 | D:9      | Bought a scroll of identify for 42 gold pieces
 44584 | D:9      | Learned a level 5 spell: Borgnjor's Vile Clutch
 44711 | D:13     | Killed Ahonude's ghost
 44883 | D:13     | Found a gate to the Vaults.
 46264 | D:15     | Entered Level 15 of the Dungeon
 46264 | D:15     | Found Zuclijun's Jewellery Shop.
 46264 | D:15     | Found Ruoss's Food Boutique.
 46793 | D:15     | Found a staircase to the Depths.
 46854 | D:15     | Noticed Louise
 47327 | D:6      | Killed Menkaure
 47759 | Depths:1 | Entered Level 1 of the Depths
 47798 | D:15     | Paralysed by a vampire knight for 5 turns
 47803 | D:15     | Mangled by a vampire knight

Skill      XL: |  1  2  3  4  5  6  7  8  9 10 11 12 13 14 15 16 17 18 |
---------------+-------------------------------------------------------+-----
Invocations    | 1 2 3 4 5 6 7 8 9 10 11 12 13 | 13.2
Short Blades   | 1 2 3 4 5 6 7 8 9 10 11 12 | 12.3
Long Blades    | 1 2 3 4 5 6 7 8 9 10 11 12 | 12.3
Axes           | 1 2 3 4 5 6 7 8 9 10 11 12 | 12.3
Maces & Flails | 1 2 3 4 5 6 7 8 9 10 11 12 | 12.3
Polearms       | 1 2 3 4 5 6 7 8 9 10 11 12 | 12.3
Staves         | 1 2 3 4 5 6 7 8 9 10 11 12 | 12.3
Bows           | 1 2 3 4 5 6 7 8 9 10 11 12 | 12.3
Crossbows      | 1 2 3 4 5 6 7 8 9 10 11 12 | 12.3
Throwing       | 1 2 3 4 5 6 7 8 9 10 11 12 | 12.3
Armour         | 1 2 3 4 5 6 7 8 9 10 11 12 | 12.3
Shields        | 1 2 3 4 5 6 7 8 9 10 11 12 | 12.3
Unarmed Combat | 1 2 3 4 5 6 7 8 9 10 11 12 | 12.3
Spellcasting   | 1 2 3 4 5 6 7 8 9 10 11 12 | 12.3
Evocations     | 1 2 3 4 5 6 7 8 9 10 11 12 | 12.3
Conjurations   | 1 2 3 4 5 6 7 8 9 10 | 10.5
Hexes          | 1 2 3 4 5 6 7 8 9 10 | 10.5
Charms         | 1 2 3 4 5 6 7 8 9 10 | 10.5
Summonings     | 1 2 3 4 5 6 7 8 9 10 | 10.5
Necromancy     | 1 2 3 4 5 6 7 8 9 10 | 10.5
Translocations | 1 2 3 4 5 6 7 8 9 10 | 10.5
Transmutations | 1 2 3 4 5 6 7 8 9 10 | 10.5
Fire Magic     | 1 2 3 4 5 6 7 8 9 10 | 10.5
Ice Magic      | 1 2 3 4 5 6 7 8 9 10 | 10.5
Air Magic      | 1 2 3 4 5 6 7 8 9 10 | 10.5
Earth Magic    | 1 2 3 4 5 6 7 8 9 10 | 10.5
Poison Magic   | 1 2 3 4 5 6 7 8 9 10 | 10.5
Stealth        | 3 4 5 6 7 8 9 10 11 12 | 12.5
Fighting       | 5 6 7 8 9 10 11 12 13 | 13.0
Dodging        | 5 6 7 8 9 10 11 12 13 | 13.0
Slings         | 9 10 11 12 13 14 | 14.4

Action                   |  1- 3 |  4- 6 |  7- 9 | 10-12 | 13-15 | 16-18 || total
-------------------------+-------+-------+-------+-------+-------+-------++-------
Melee: Short sword       |   120 |    41 |       |       |       |       ||   161
       Bite              |    11 |    29 |    54 |    69 |   107 |   164 ||   434
       Scimitar          |       |   143 |   380 |   109 |       |       ||   632
       Punch             |       |       |    10 |    21 |    34 |    81 ||   146
       Whip              |       |       |       |   282 |       |       ||   282
       Morningstar       |       |       |       |   145 |   778 |  1194 ||  2117
 Fire: Hunting sling     |    23 |    15 |       |    45 |       |       ||    83
Throw: Stone             |       |    58 |   114 |    24 |       |       ||   196
       Tomahawk          |       |       |    47 |    62 |   195 |   154 ||   458
       Javelin           |       |       |       |       |    11 |    10 ||    21
 Cast: Mephitic Cloud    |       |       |     2 |    45 |    47 |    68 ||   162
       Poisonous Vapours |       |       |       |   117 |   100 |   150 ||   367
       Conjure Flame     |       |       |       |       |     3 |    27 ||    30
       Summon Mana Viper |       |       |       |       |       |    10 ||    10
       Blink             |       |       |       |       |       |     3 ||     3
       Summon Forest     |       |       |       |       |       |    10 ||    10
       Aura of Abjuratio |       |       |       |       |       |     3 ||     3
       Borgnjor's Vile C |       |       |       |       |       |     3 ||     3
Invok: Curse Item        |       |     3 |       |     2 |     2 |     1 ||     8
       Scrying           |       |       |       |     3 |     2 |     1 ||     6
 Abil: Evoke Flight      |       |       |     3 |       |       |       ||     3
       Evoke Berserk Rag |       |       |       |       |     2 |       ||     2
Evoke: Wand              |       |     3 |     8 |     7 |    36 |    15 ||    69
       Lightning rod     |       |       |       |     4 |     3 |       ||     7
       Phial of floods   |       |       |       |       |     1 |       ||     1
  Use: Scroll            |       |     1 |     3 |    10 |    18 |     5 ||    37
       Potion            |       |       |     5 |     1 |     3 |     5 ||    14
 Stab: Sleeping          |     3 |     4 |     1 |     6 |     1 |     7 ||    22
       Confused          |       |       |     1 |    15 |    22 |    30 ||    68
       Distracted        |       |       |       |     1 |     3 |     5 ||     9
       Paralysed         |       |       |       |       |       |     2 ||     2
  Eat: Chunk             |     1 |    15 |    17 |    25 |    22 |    27 ||   107
       Ration            |       |       |     1 |     2 |     4 |     8 ||    15
Armor: Leather armour    |    22 |    11 |       |       |       |       ||    33
       Ring mail         |       |    33 |   120 |   126 |   214 |   420 ||   913
Dodge: Dodged            |    83 |   123 |   313 |   434 |   750 |  1510 ||  3213
Block: Other             |       |       |       |       |    11 |   179 ||   190
       Reflection        |       |       |       |       |       |     4 ||     4
       Rpst.: Scimitar   |       |    32 |    75 |    19 |       |       ||   126
